 Dungeon Crawl Stone Soup version 0.17-a0-2055-gb4e23be (webtiles) character file.

48657 st0uf the Warrior (level 14, 0/204 HPs)
             Began as a Minotaur Berserker on Oct 11, 2015.
             Was an Elder of Trog.
             Slain by Rupert
             ... wielding a +3 great mace of crushing
              (45 damage)
             ... on level 8 of the Lair of Beasts.
             The game lasted 03:22:53 (28229 turns).

st0uf the Warrior (Minotaur Berserker)             Turns: 28229, Time: 03:22:53

Health: 0/204      AC: 23    Str: 28    XL:     14   Next: 13%
Magic:  20/20      EV: 15    Int:  5    God:    Trog [****..]
Gold:   770        SH: 14    Dex: 18    Spells: 1 memorised, 12 levels left

rFire  . . .     SeeInvis .     a - +1 falchion (protect)
rCold  . . .     Clarity  .     L - +4 ring mail of Viothak {+Fly}
rNeg   . . .     SustAt   .     y - +0 shield
rPois  .         Gourm    .     U - +2 hat {MR+}
rElec  .         Spirit   .     P - +0 cloak
rCorr  .         Warding  .     E - +2 pair of gloves
rMut   .         Stasis   .     j - +0 pair of boots
MR     ++++.                    (no amulet)
Stlth  ..........               w - +3 ring of evasion
                                B - +5 ring of dexterity

@: berserking, regenerating, very quick, incredibly resistant to hostile
enchantments, extremely unstealthy
A: retaliatory headbutt, horns 2
a: Burn Spellbooks, Berserk, Trog's Hand, Brothers in Arms, Renounce Religion,
Evoke Flight


You were on level 8 of the Lair of Beasts.
You worshipped Trog.
Trog was greatly pleased with you.
You were hungry.

You visited 3 branches of the dungeon, and saw 21 of its levels.
You also visited: Ossuary.

You collected 770 gold pieces.

Inventory:

Hand Weapons
 a - a +1 falchion of protection (weapon)
 H - a +0 shortbow
Missiles
 d - 139 arrows
 C - 20 arrows of frost
 I - 50 arrows of flame
 N - 10 arrows of dispersal
 R - 5 poisoned arrows
Armour
 j - a +0 pair of boots (worn)
 y - a +0 shield (worn)
 E - a +2 pair of gloves (worn)
 L - the +4 ring mail of Viothak (worn) {+Fly}
   (You found it on level 9 of the Dungeon)

   It lets you fly.
 P - a +0 cloak (worn)
 U - a +2 hat of magic resistance (worn)
Jewellery
 i - an uncursed ring of poison resistance
 o - an uncursed ring of positive energy
 s - an uncursed ring of sustain attributes
 w - a +3 ring of evasion (right hand)
 B - a +5 ring of dexterity (left hand)
Wands
 e - a wand of fireball (8)
 h - a wand of lightning (5)
 m - a wand of paralysis (11)
 K - a wand of hasting (5)
Scrolls
 b - 3 scrolls of blinking
 k - 5 scrolls of teleportation
 n - 3 scrolls of magic mapping
 p - 9 scrolls of remove curse
 q - a scroll of identify
 A - a scroll of recharging
 D - 4 scrolls of fear
 G - 4 scrolls of enchant weapon
Potions
 g - 7 potions of curing
 l - 4 potions of agility
 r - a potion of invisibility
 x - 3 potions of haste
 J - a potion of cancellation {unknown}
 O - 3 potions of heal wounds
 Q - a potion of might {unknown}
 S - 2 potions of ambrosia {unknown}
 T - a potion of resistance
 W - a potion of beneficial mutation {unknown}
Books
 t - an Akashic Record

   Spells                             Type                      Level
   a - Dispersal                      Translocation                6
   b - Controlled Blink               Translocation                7
   c - Malign Gateway                 Summoning/Translocation      7
   d - Disjunction                    Translocation                8
   Trog disapproves of the use of such an item.
 Z - a book of Spatial Translocations

   Spells                             Type                      Level
   a - Apportation                    Translocation                1
   b - Blink                          Translocation                2
   c - Shroud of Golubria             Charms/Translocation         2
   d - Portal Projectile              Translocation                3
   e - Teleport Other                 Translocation                3
   f - Passage of Golubria            Translocation                4
   Trog disapproves of the use of such an item.
Miscellaneous
 v - a sack of spiders {used: 1}
 V - a fan of gales (inert)
Comestibles
 c - 9 bread rations
 f - 11 chunks of flesh
 X - 17 royal jellies


   Skills:
 - Level 15.8 Fighting
 + Level 13.4 Long Blades
 - Level 7.7 Bows
 + Level 6.4 Armour
 - Level 2.1 Dodging
 + Level 12.6 Shields
 + Level 3.4 Unarmed Combat
 - Level 10.0 Evocations


You had 12 spell levels left.
You knew the following spells:

 Your Spells              Type           Power        Failure   Level  Hunger
a - Apportation           Tloc           #.........   89%         1    ##.....


Dungeon Overview and Level Annotations

Branches:
Dungeon (12/15)            Temple (1/1) D:6            Lair (8/8) D:10
  Swamp (0/4) Lair:3        Snake (0/4) Lair:5        Slime (0/6) Lair:6
    Orc: D:9-12

Altars:
Ashenzari
Cheibriados
Dithmenos
Elyvilon
Fedhas
Gozag
Kikubaaqudgha
Makhleb
Nemelex Xobeh
Okawaru
Qazlal
Ru
Sif Muna
Trog
Vehumet
Xom
Yredelemnul
Zin
The Shining One

Shops:
D:7 (

Annotations:
D:7 buy bow 980
D:8 Maurice
D:12 kosy22's ghost, journeyman MiFi
Lair:8 Rupert


Innate Abilities, Weirdness & Mutations

You reflexively headbutt those who attack you in melee.
You have a pair of horns on your head.


Message History

Rupert hits you with a great mace of crushing!!
* * * LOW HITPOINT WARNING * * *
x2 You block the river rat's attack.
You hit Rupert but do no damage.
Rupert is almost dead.
Rupert hits you but does no damage. The river rat closely misses you.
A crocodile comes into view.
Use which ability?
A red film seems to cover your vision as you go berserk!
You feel yourself moving faster!
You feel mighty!
You are feeling hungry.
Rupert hits you with a great mace of crushing!
* * * LOW HITPOINT WARNING * * *
x2 The river rat bites you but does no damage.
You closely miss Rupert. You headbutt Rupert!
Rupert is almost dead.
You slash Rupert!
Rupert is almost dead.
Rupert hits you with a great mace of crushing!!!
You die...

......##P###.........### #####...
.........##...........####.# #...
..................P..###.#.###...
..P..P.#..........PP## #...#....
...###.............PP####.....#..
.### ##............P.#........##.
#.# ##...........P.PP........#..
### #...........r..P.........#P.
#..P.....P...@†............#..
#...P....PPPP#@............#.P
##..PPP..P.PP..#.............#
###PPP....PP.#............... .
#...tP.P.#.#P..............
....####....P####r..............#
...... .##.####.#r..............#
.....# .# ##................#
...... #.#...............#


You could see Rupert (berserk), a crocodile and a river rat.

Vanquished Creatures
  2 catoblepae
  2 hydras
  4 death yaks
  A fire crab (Lair:7)
  A lindwurm (Lair:7)
  A hill giant (D:12)
  The ghost of Goblin1989 the Destroyer, a novice DEFE of Vehumet (D:5)
  4 black mambas
  Joseph (D:8)
  2 elephants (Lair:7)
  A centaur zombie (D:10)
  13 spiny frogs
  An eye of devastation (Lair:6)
  2 torpor snails
  2 fire drakes
  7 komodo dragons
  4 two-headed ogres
  A queen bee (Lair:1)
  A troll (D:11)
  Prince Ribbit (D:8)
  A polar bear (Lair:1)
  4 slime creatures (D:12)
  3 blink frogs
  3 deep elf magi
  A wraith (D:10)
  The ghost of Gorice the Covert, an amateur FeWn of Dithmenos (Ossuary)
  10 hippogriffs
  2 hungry ghosts
  Eustachio (D:6)
  3 basilisks
  9 vampire mosquitoes
  Grum (D:8)
  14 wolves
  A neqoxec (Lair:7)
  40 yaks
  A mottled dragon (D:11)
  A soldier ant (D:9)
  20 porcupines
  3 sky beasts
  16 water moccasins
  A necrophage (D:8)
  7 orc warriors
  3 ice beasts
  2 phantoms
  2 wasps (D:9)
  2 spiders (D:9)
  8 black bears
  3 centaurs
  14 crocodiles
  10 ogres
  8 big kobolds (D:3)
  18 giant frogs
  5 water moccasin zombies (Ossuary)
  A wyvern zombie (D:9)
  5 scorpions
  37 killer bees
  2 electric eels (Lair:3)
  6 crimson imps
  6 orc priests
  5 orc wizards
  A giant frog zombie (D:7)
  An iron imp (D:4)
  5 giant frog skeletons
  5 hounds
  7 jellies
  4 hell rats
  9 worker ants
  A centaur skeleton (D:4)
  7 iguanas
  5 sheep
  5 big kobold zombies (Ossuary)
  A hound zombie (D:8)
  2 mummies (Ossuary)
  2 worker ant zombies (D:7)
  9 adders
  16 gnolls
  28 river rats
  4 shadow imps
  2 oozes
  5 adder zombies
  A worm (D:4)
  8 giant geckos
  37 orcs
  3 ball pythons
  2 gnoll zombies (Ossuary)
  10 hobgoblins
  8 quokkas
  13 bats
  7 giant cockroaches
  A giant gecko skeleton (D:3)
  A giant gecko zombie (D:5)
  6 giant newts
  6 goblins
  2 hobgoblin zombies (Ossuary)
  6 jackals
  43 kobolds
  4 kobold zombies (Ossuary)
  5 orc zombies (Ossuary)
  A quokka skeleton (D:8)
  7 rats
622 creatures vanquished.

Vanquished Creatures (collateral kills)
  Gastronok (D:8)
  5 hydras
  Erica (D:8)
  4 yaks (D:11)
  A giant frog (D:8)
  A hell rat (Lair:5)
13 creatures vanquished.

Vanquished Creatures (others)
  24 fungi
  5 plants
29 creatures vanquished.

Grand Total: 664 creatures vanquished

Notes
Turn   | Place    | Note
--------------------------------------------------------------
     0 | D:1      | st0uf the Minotaur Berserker began the quest for the Orb.
     0 | D:1      | Reached XP level 1. HP: 19/19 MP: 0/0
   339 | D:1      | Reached XP level 2. HP: 27/27 MP: 1/1
   444 | D:1      | Reached skill level 4 in Fighting
   808 | D:1      | Acquired Trog's second power
  1041 | D:2      | Reached XP level 3. HP: 23/33 MP: 2/2
  1312 | D:2      | Reached XP level 4. HP: 15/41 MP: 3/3
  1741 | D:2      | Reached skill level 5 in Fighting
  1893 | D:2      | Found an opulent altar of Gozag.
  2688 | D:3      | Noticed a big kobold
  2700 | D:3      | Killed a big kobold
  2700 | D:3      | Reached skill level 5 in Armour
  2700 | D:3      | Reached XP level 5. HP: 19/48 MP: 4/4
  2709 | D:3      | Noticed a big kobold
  2736 | D:3      | Killed a big kobold
  2736 | D:3      | Reached skill level 1 in Shields
  2954 | D:3      | Noticed a big kobold
  2960 | D:3      | Killed a big kobold
  2960 | D:3      | Reached skill level 5 in Long Blades
  2960 | D:3      | Reached XP level 6. HP: 50/56 MP: 5/5
  3017 | D:3      | Noticed a big kobold
  3017 | D:3      | Noticed a big kobold
  3017 | D:3      | Noticed a big kobold
  3017 | D:3      | Noticed a big kobold
  3017 | D:3      | Noticed a big kobold
  3028 | D:3      | Killed a big kobold
  3033 | D:3      | Killed a big kobold
  3043 | D:3      | Killed a big kobold
  3043 | D:3      | Reached skill level 6 in Long Blades
  3043 | D:3      | Reached XP level 7. HP: 40/61 MP: 6/6
  3047 | D:3      | Killed a big kobold
  3049 | D:3      | Killed a big kobold
  3296 | D:3      | Acquired Trog's third power
  3305 | D:3      | Reached skill level 5 in Shields
  4066 | D:4      | Reached skill level 7 in Long Blades
  4430 | D:4      | Received a gift from Trog
  4495 | D:4      | Found a snail-covered altar of Cheibriados.
  4650 | D:5      | Entered Level 5 of the Dungeon
  4694 | D:5      | Reached XP level 8. HP: 51/70 MP: 7/7
  4800 | D:5      | Noticed Goblin1989's ghost (novice DEFE)
  4812 | D:5      | Killed Goblin1989's ghost
  4835 | D:5      | Reached skill level 8 in Long Blades
  5893 | D:6      | Reached XP level 9. HP: 71/82 MP: 8/8
  5945 | D:6      | Noticed Eustachio
  6018 | D:6      | Killed Eustachio
  6018 | D:6      | Reached skill level 9 in Fighting
  6260 | D:6      | Found a staircase to the Ecumenical Temple.
  7178 | D:7      | Found Lenofod's Weapon Shop.
  7252 | D:7      | Reached skill level 10 in Fighting
  7919 | D:8      | Noticed Erica
  8254 | D:8      | Noticed Gastronok
  8263 | D:8      | Noticed Joseph
  8277 | D:8      | Killed Joseph
  8277 | D:8      | Reached skill level 11 in Fighting
  8280 | D:8      | Killed Gastronok
  8280 | D:8      | Reached skill level 10 in Long Blades
  8280 | D:8      | Reached XP level 10. HP: 62/96 MP: 9/9
  8284 | D:8      | Killed Erica
  8325 | D:8      | Found a sand-covered staircase.
  8336 | Ossuary  | Entered an ossuary
  8389 | Ossuary  | Noticed Gorice's ghost (amateur FeWn)
  8401 | Ossuary  | Killed Gorice's ghost
  8412 | Ossuary  | Reached skill level 12 in Fighting
  8961 | D:8      | Noticed Prince Ribbit
  8963 | D:8      | Noticed Grum
  8996 | D:8      | Killed Grum
  9828 | D:8      | Reached skill level 13 in Fighting
  9891 | D:8      | Noticed Maurice
 10059 | D:8      | Killed Prince Ribbit
 10200 | D:8      | Reached skill level 10 in Shields
 10448 | D:9      | Reached XP level 11. HP: 37/107 MP: 10/10
 10674 | D:9      | Got a faintly humming ring mail
 10792 | D:9      | Identified the +4 ring mail of Viothak {+Fly} (You found it on level 9 of the Dungeon)
 10890 | D:9      | Found an iron altar of Okawaru.
 11895 | D:9      | Found a sacrificial altar of Ru.
 11955 | D:10     | Entered Level 10 of the Dungeon
 12100 | D:10     | Found a staircase to the Lair.
 12274 | D:10     | Reached skill level 14 in Fighting
 12687 | D:10     | Got a twisted dagger
 12688 | D:10     | Identified the +1 dagger "Voer" {freeze, rF+ rC++} (You found it on level 10 of the Dungeon)
 14414 | D:12     | Noticed a hill giant
 14864 | Lair:1   | Entered Level 1 of the Lair of Beasts
 14954 | Lair:1   | Reached skill level 15 in Fighting
 15012 | Lair:1   | Was placed under penance by Trog
 15014 | Lair:1   | Learned a level 1 spell: Apportation
 15098 | Lair:1   | Reached skill level 1 in Bows
 15367 | Lair:1   | Reached XP level 12. HP: 50/121 MP: 11/11
 16014 | Lair:1   | Was forgiven by Trog
 16142 | Lair:1   | Received a gift from Trog
 16504 | Lair:1   | Got a shimmering war axe
 16505 | Lair:1   | Identified the +2 war axe "Deir" {antimagic, Int+7} (You found it on level 1 of the Lair of Beasts)
 17304 | Lair:2   | Received a gift from Trog
 17307 | Lair:2   | Noticed a four-headed hydra
 18469 | Lair:3   | Reached skill level 5 in Bows
 18598 | Lair:3   | Received a gift from Trog
 19217 | Lair:3   | Found a staircase to the Swamp.
 19886 | Lair:4   | Noticed a catoblepas
 19915 | Lair:4   | Killed a catoblepas
 20174 | Lair:4   | Reached skill level 1 in Evocations
 20527 | Lair:4   | Identified the Papyrus of Execration
 21197 | Lair:5   | Noticed a six-headed hydra
 21587 | D:12     | Noticed kosy22's ghost (journeyman MiFi)
 21714 | D:12     | Reached XP level 13. HP: 98/128 MP: 14/14
 21819 | D:12     | Noticed a hill giant
 21839 | D:12     | Killed a hill giant
 21883 | D:12     | Gained mutation: You possess an exceptional clarity of mind. [mutagenic meat]
 21890 | D:12     | Gained mutation: You tend to lose your temper in combat. [mutagenic meat]
 21891 | D:12     | Gained mutation: Your mind is acute. (Int +2) [mutagenic meat]
 21892 | D:12     | Gained mutation: You are partially covered in iridescent scales (AC +4). [potion of mutation]
 21892 | D:12     | Gained mutation: You expend magic power (3 MP) to strengthen your wands. [potion of mutation]
 21893 | D:12     | Gained mutation: You have a pair of large horns on your head. [potion of mutation]
 21894 | D:12     | Lost mutation: You have a pair of large horns on your head. [potion of cure mutation]
 21894 | D:12     | Lost mutation: You possess an exceptional clarity of mind. [potion of cure mutation]
 21894 | D:12     | Lost mutation: You expend magic power (3 MP) to strengthen your wands. [potion of cure mutation]
 21894 | D:12     | Lost mutation: Your mind is acute. (Int +2) [potion of cure mutation]
 22176 | Temple   | Entered the Ecumenical Temple
 22404 | Lair:2   | Killed a four-headed hydra
 22496 | Lair:4   | Reached skill level 5 in Evocations
 22741 | Lair:5   | Found a staircase to the Snake Pit.
 23003 | Lair:5   | Killed an eight-headed hydra
 23656 | Lair:6   | Received a gift from Trog
 24091 | Lair:6   | Found a staircase to the Slime Pits.
 24614 | Lair:6   | Upgraded the game from 0.17-a0-2027-gcac42c4 to 0.17-a0-2055-gb4e23be
 24952 | Lair:7   | Received a gift from Trog
 25715 | Lair:6   | Lost mutation: You tend to lose your temper in combat. [potion of cure mutation]
 25715 | Lair:6   | Lost mutation: You are partially covered in iridescent scales (AC +4). [potion of cure mutation]
 26204 | Lair:7   | Reached skill level 10 in Evocations
 26471 | Lair:7   | Reached skill level 1 in Unarmed Combat
 27216 | Lair:8   | Entered Level 8 of the Lair of Beasts
 27401 | Lair:7   | Reached XP level 14. HP: 112/136 MP: 20/20
 28167 | Lair:8   | Noticed Rupert
 28229 | Lair:8   | Slain by Rupert

Vault maps used:
D:1:      elethiomel_arrival_quiet
D:2:      nicolae_gozag_seed_capital
D:3:      minmay_goblin_kobold_castle, first_bread
D:4:      chei_slow_surprise
D:5:      minivault_25
D:6:      minmay_temple_entry_junction, uniq_eustachio
D:7:      lemuel_upstairs_altar, serial_shops, shop
D:8:      nicolae_ossuary_entry_false_entrances, uniq_maurice, uniq_erica,
          uniq_joseph, uniq_grum, uniq_gastronok, uniq_prince_ribbit1
D:9:      nicolae_ru_path_of_blood, hangedman_pestilent_swarm, okawaru_trees_2
D:10:     dpeg_lair_monsters, hangedman_abyss_or_decor_stabs
D:12:     erik_orc_1, uniq_erolcha
Temple:   grunt_wide_crystal_templ_18
Lair:1:   special_room, serial_bayou_shore_b
Lair:2:   grunt_megastairs_1
Lair:3:   minmay_swamp_entry_swarm
Lair:5:   dummy_snake_entry
Lair:6:   nicolae_slime_entry_slimehenge, serial_bayou_shore_b
Lair:8:   evilmike_catoblepas_cave, grunt_megastairs_4, uniq_rupert
Ossuary:  ossuary_tomb_2

Action                   |  1- 3 |  4- 6 |  7- 9 | 10-12 | 13-15 || total
-------------------------+-------+-------+-------+-------+-------++-------
Melee: Falchion          |    72 |   134 |   466 |  1611 |   728 ||  3011
 Fire: Shortbow          |       |       |       |    39 |       ||    39
Invok: Trog's Hand       |       |     1 |     9 |    17 |     7 ||    34
       Berserk           |       |     1 |     2 |       |     2 ||     5
       Brothers in Arms  |       |       |     3 |     1 |     9 ||    13
       Burn Spellbooks   |       |       |       |     2 |       ||     2
Evoke: Wand              |       |       |       |       |    20 ||    20
       Sack of spiders   |       |       |       |       |     2 ||     2
       Fan of gales      |       |       |       |       |     1 ||     1
  Use: Scroll            |       |       |    11 |    16 |     7 ||    34
       Potion            |       |       |     1 |     1 |     5 ||     7
 Stab: Sleeping          |       |       |     1 |       |       ||     1
       Distracted        |       |       |       |     1 |     1 ||     2
  Eat: Chunk             |     1 |     5 |    15 |    32 |    18 ||    71
       Fruit             |       |     1 |     2 |       |       ||     3
       Bread ration      |       |       |     1 |       |       ||     1
       Pizza             |       |       |     1 |     2 |     1 ||     4
       Meat ration       |       |       |       |     3 |       ||     3
       Beef jerky        |       |       |       |       |     3 ||     3
       Royal jelly       |       |       |       |       |     2 ||     2
